 Dungeon Crawl Stone Soup version 0.30-a0-989-g0d87f670db (webtiles) character file.

Game seed: 6731120244080589116

1195 Sobieck the Shooter (level 8, -9/60 HPs)
             Began as a Mummy Hunter on Apr 2, 2023.
             Was an Initiate of Hepliaklqana.
             Mangled by an orc warrior
             ... wielding a +0 hand axe
              (10 damage)
             ... on level 6 of the Dungeon on Apr 3, 2023.
             The game lasted 00:13:37 (7315 turns).

Sobieck the Shooter (Mummy Hunter)                  Turns: 7315, Time: 00:13:38

Health: -9/60      AC:  5    Str: 15    XL:     8   Next: 20%
Magic:  0/8        EV: 13    Int:  8    God:    Hepliaklqana [......]
Gold:   262        SH:  0    Dex: 17    Spells: 7/7 levels left

rFire   x . .      SeeInvis .    a - +2 shortbow {bow}
rCold   + . .      Faith    +    (shield currently unavailable)
rNeg    + + +      Spirit   +    c - +0 leather armour
rPois   ∞          Reflect  .    (no helmet)
rElec   .          Rampage  .    E - +1 cloak
rCorr   .                        (no gloves)
Will    ++...                    (no boots)
Stlth   ++                       R - amulet of guardian spirit
HPRegen 0.30/turn                K - ring of willpower
MPRegen 0.11/turn                (no ring)

@: no status effects
A: cold resistance 1, negative energy resistance 3, torment resistance 2, heat
vulnerability 1, in touch with death 1, no potions, faith
a: Renounce Religion


You were on level 6 of the Dungeon.
You worshipped Hepliaklqana.
Hepliaklqana was noncommittal.
You visited 2 branches of the dungeon, and saw 7 of its levels.
You also visited: Sewer.

You collected 262 gold pieces.


Innate Abilities, Weirdness & Mutations

You are immune to poison.
Your flesh is cold resistant. (rC+)
You are immune to negative energy. (rN+++)
You are immune to unholy pain and torment.
You are vulnerable to heat. (rF-)
You are in touch with the powers of death.
You do not drink.
You have a special connection with the divine. (Faith)


   Skills:
 + Level 4.2 Fighting
 * Level 7.6 Ranged Weapons
 + Level 3.5 Dodging
 - Level 0.7 Stealth


You had 7 spell levels left.
You didn't know any spells.
Your spell library contained the following spells:

 Spells                   Type           Power      Damage    Failure   Level
 Tukima's Dance           Hex            0%         N/A       85%         3
 Passage of Golubria      Tloc           0%         N/A       99%         4
 Yara's Violent Unravell  Hex/Tmut       0%         3d3       100%        5

Inventory:

Hand Weapons
 a - a +2 shortbow (weapon) {bow}
 p - a +0 short sword of flaming {short}
   (You took it off a kobold on level 2 of the Dungeon)
 y - a +2 dagger of speed {short}
   (You took it off a kobold on level 3 of the Dungeon)
 L - a +0 dagger of protection {short}
   (You took it off a goblin on level 4 of the Dungeon)
Missiles
 h - 45 stones {throwing}
 q - 8 poisoned darts {throwing}
 O - 9 boomerangs {throwing}
 Q - 2 throwing nets {=f!fthrowing}
Armour
 c - a +0 leather armour (worn)
 d - a +0 robe
   (You found it on level 4 of the Dungeon)
 g - a +0 ring mail
   (You found it on level 1 of the Dungeon)
 k - a +0 robe
   (You found it on level 1 of the Dungeon)
 n - a +0 plate armour
   (You took it off an orc warrior on level 3 of the Dungeon)
 o - a +0 leather armour
   (You found it in a sewer)
 s - a +0 scale mail
   (You found it on level 3 of the Dungeon)
 t - a +0 robe
   (You found it on level 3 of the Dungeon)
 u - a +0 leather armour
   (You took it off an orc on level 2 of the Dungeon)
 v - a +0 ring mail
   (You took it off an orc on level 3 of the Dungeon)
 w - a +0 robe
   (You took it off an orc wizard on level 3 of the Dungeon)
 x - a +0 scale mail
   (You took it off an orc on level 3 of the Dungeon)
 z - a +0 leather armour
   (You took it off an orc on level 3 of the Dungeon)
 A - a +0 leather armour
   (You took it off an orc on level 3 of the Dungeon)
 C - a +0 leather armour
   (You took it off Eustachio on level 4 of the Dungeon)
 E - a +1 cloak (worn)
   (You found it on level 3 of the Dungeon)
 F - a +0 ring mail
   (You took it off an orc on level 4 of the Dungeon)
 G - a +0 leather armour
   (You took it off an orc on level 4 of the Dungeon)
 H - a +0 animal skin
   (You took it off Robin on level 4 of the Dungeon)
 I - a +0 helmet
   (You took it off Robin on level 4 of the Dungeon)
 J - a +0 plate armour
   (You found it on level 6 of the Dungeon)
 M - a +0 chain mail
   (You took it off an orc on level 4 of the Dungeon)
Magical Staves
 j - a staff of air {!astaff}
   (You found it on level 1 of the Dungeon)
 B - a staff of air {!astaff}
   (You found it in a sewer)
Jewellery
 e - an amulet of faith {!P}
   (You found it on level 1 of the Dungeon)
 K - a ring of willpower (left hand)
   (You took it off a hobgoblin on level 4 of the Dungeon)
 R - an amulet of guardian spirit (around neck)
   (You found it on level 5 of the Dungeon)
Wands
 r - a wand of acid (1)
   (You found it on level 2 of the Dungeon)
 D - a wand of flame (17)
   (You found it on level 3 of the Dungeon)
 N - a wand of iceblast (11)
   (You found it on level 5 of the Dungeon)
Scrolls
 b - 2 scrolls of immolation {!r!r}
 f - 5 scrolls of teleportation {@r4}
 i - a scroll of blinking {!r}
 l - a scroll of noise {!r}
 m - 7 scrolls of fog
 P - a scroll of amnesia

Dungeon Overview and Level Annotations

Branches:
Dungeon (6/15) Zot: 26390  Temple (1/1) D:5 Zot: 5792   Sewer (visited)

Altars:
Ashenzari
Dithmenos
Fedhas
Hepliaklqana
Makhleb
Sif Muna
Uskayaw

.# #.... #.
.#.#######.†.
#.####.#........o#.
#.#....######....#.
#.#.#............#.
#.#.#.#######.#..#.
#.#.#.......#.#..#.
#.#.#######.#.#####
#.@.....# #.#......
###o##### #.#######
##'#######.#
#.......##.#######
#.......##........
#....)..##########
#.......# #.!..
#.......# #.###
#.......# #....


You could see an orc warrior.


Message History

The sky beast flickers out of sight!
Deactivating autopickup; reactivate with Ctrl-A.
Something hits you but does no damage. x2
You shoot an arrow. Something hits you but does no damage.
You shoot an arrow. Something hits you but does no damage.
Unknown command.
You shoot an arrow. Something hits you but does no damage.
You shoot an arrow. Something hits you.
* * * LOW HITPOINT WARNING * * *
Something shocks you.
* * * LOW HITPOINT WARNING * * *
You shoot an arrow. Something hits you but does no damage.
You shoot an arrow. Something hits you but does no damage.
You can't see any enemies this would affect, really read the scroll of fear?
As you read the scroll of fear, it crumbles to dust.
You assume a fearsome visage.
There is a stone staircase leading down here.
A sky beast appears from thin air!
Reactivating autopickup.
You climb downwards.
There is a stone staircase leading up here.
Unknown command.
Unknown command.
You start resting.
An orc warrior is nearby!
Danger!
Unknown command.
There is an open door here.
You open the door.
There is an open door here.
There is a stone staircase leading up here.
You climb upwards.
There is a stone staircase leading down here.
Unknown command.
Unknown command.
You start resting.
Unknown command.
You climb downwards.
There is a stone staircase leading up here.
Danger!
Unknown command.
Unknown command.
You shoot an arrow.
The arrow hits the orc warrior but does no damage.
The orc warrior hits you with a +0 hand axe.
You shoot an arrow. The arrow hits the orc warrior.
The orc warrior hits you with a +0 hand axe!
You shoot an arrow. The arrow hits the orc warrior!
The orc warrior hits you with a +0 hand axe!
You are too injured to fight recklessly!
You are too injured to fight recklessly!
You are too injured to fight recklessly!
Unknown command.
Fire: a) +2 shortbow {bow}
Press: ? - help, Q - select action, (/) - cycle Shift-Dir - straight line, f/p - orc warrior
Aim: an orc warrior, wielding a +0 hand axe and wearing a +0 chain mail (heavily wounded, 64% to hit)
You shoot an arrow.
The arrow closely misses the orc warrior.
The orc warrior hits you with a +0 hand axe!
* * * LOW HITPOINT WARNING * * *
Fire: a) +2 shortbow {bow}
Press: ? - help, Q - select action, (/) - cycle Shift-Dir - straight line, f/p - orc warrior
Aim: an orc warrior, wielding a +0 hand axe and wearing a +0 chain mail (heavily wounded, 64% to hit)
You shoot an arrow. The arrow hits the orc warrior.
The orc warrior hits you with a +0 hand axe.
* * * LOW HITPOINT WARNING * * *
Fire: a) +2 shortbow {bow}
Press: ? - help, Q - select action, (/) - cycle Shift-Dir - straight line, f/p - orc warrior
Aim: an orc warrior, wielding a +0 hand axe and wearing a +0 chain mail (heavily wounded, 64% to hit)
You shoot an arrow. The arrow hits the orc warrior!
The orc warrior barely misses you.
The orc warrior hits you with a +0 hand axe.
* * * LOW HITPOINT WARNING * * *
Fire: a) +2 shortbow {bow}
Press: ? - help, Q - select action, (/) - cycle Shift-Dir - straight line, f/p - orc warrior
Aim: an orc warrior, wielding a +0 hand axe and wearing a +0 chain mail (severely wounded, 64% to hit)
You shoot an arrow. The arrow hits the orc warrior.
The orc warrior hits you with a +0 hand axe!
* * * LOW HITPOINT WARNING * * *
Fire: a) +2 shortbow {bow}
Press: ? - help, Q - select action, (/) - cycle Shift-Dir - straight line, f/p - orc warrior
Aim: an orc warrior, wielding a +0 hand axe and wearing a +0 chain mail (almost dead, 64% to hit)
You shoot an arrow.
The arrow hits the orc warrior but does no damage.
The orc warrior hits you with a +0 hand axe!
* * * LOW HITPOINT WARNING * * *
Fire: a) +2 shortbow {bow}
Press: ? - help, Q - select action, (/) - cycle Shift-Dir - straight line, f/p - orc warrior
Aim: an orc warrior, wielding a +0 hand axe and wearing a +0 chain mail (almost dead, 64% to hit)
You shoot an arrow.
The arrow hits the orc warrior but does no damage.
The orc warrior closely misses you.
Fire: a) +2 shortbow {bow}
Press: ? - help, Q - select action, (/) - cycle Shift-Dir - straight line, f/p - orc warrior
Aim: an orc warrior, wielding a +0 hand axe and wearing a +0 chain mail (almost dead, 64% to hit)
You shoot an arrow.
The arrow barely misses the orc warrior.
The orc warrior hits you with a +0 hand axe!
* * * LOW HITPOINT WARNING * * *
The orc warrior hits you with a +0 hand axe!
You die...

Skill      XL: |  1  2  3  4  5  6  7  8 |
---------------+-------------------------+-----
Ranged Weapons | 4 5 6 7 |  7.6
Dodging        | 2 3 |  3.5
Fighting       | 3 4 |  4.2
Stealth        | |  0.7

Action                     |  1- 3 |  4- 6 |  7- 9 || total
---------------------------+-------+-------+-------++-------
   Fire: Shortbow          |   130 |   233 |   214 ||   577
    Use: Scroll            |       |    12 |     6 ||    18
 Armour: Leather armour    |    30 |    30 |    52 ||   112
  Dodge: Dodged            |    48 |    67 |    78 ||   193

Levels and vault maps discovered:
D:1:      evilmike_arrival_plus, layout_basic
D:2:      layout_basic, serial_park_tiny_pond
D:3:      layout_loops_cross, dreamdust_ecumenical_altar_angels_and_demons,
          grunt_decor_one_mirror
D:4:      layout_cave_pods, gup_sewer_entry_bubbles,
          chequers_serial_rivers_room_b, uniq_eustachio, uniq_robin
D:5:      layout_loops_ring, minmay_temple_entry_poolview
D:6:      layout_basic, mainiacjoe_overflow_alcove_1,
          nicolae_shop_sticking_my_neck_out, uniq_pikel
Temple:   hellmonk_temple_forest_ring

Notes
Turn   | Place    | Note
-------+----------+-------------------------------------------
     0 | D:1      | Sobieck the Mummy Hunter began the quest for the Orb.
     0 | D:1      | Reached XP level 1. HP: 16/16 MP: 1/1
   103 | D:1      | Reached XP level 2. HP: 22/22 MP: 2/2
   180 | D:1      | HP: 5/22 [jackal (3)]
   330 | D:1      | Reached skill level 4 in Ranged Weapons
   765 | D:2      | Gained mutation: You are in touch with the powers of death.
                  | [Mummy growth]
   765 | D:2      | Reached XP level 3. HP: 27/27 MP: 3/3
  1637 | D:3      | Reached XP level 4. HP: 31/33 MP: 4/4
  1782 | D:3      | Reached skill level 5 in Ranged Weapons
  2234 | D:3      | Found a faded altar of an unknown god.
  2497 | D:4      | Reached XP level 5. HP: 32/38 MP: 5/5
  2498 | D:4      | Noticed Eustachio
  2512 | D:3      | HP: 4/38 [Eustachio/+0 rapier (8)]
  2515 | D:4      | Killed Eustachio
  2516 | D:4      | Reached skill level 6 in Ranged Weapons
  2516 | D:4      | Reached XP level 6. HP: 3/44 MP: 6/6
  2669 | D:4      | You add the spells Tukima's Dance, Passage of Golubria and
                  | Yara's Violent Unravelling to your library.
  2863 | D:4      | Found a glowing drain.
  2870 | Sewer    | Entered a sewer
  3999 | Sewer    | Reached skill level 2 in Dodging
  4269 | D:3      | HP: 9/46 [orc priest/+0 hand axe (3)]
  4548 | D:4      | Noticed Robin
  4548 | D:4      | Noticed an orc warrior
  4562 | D:4      | Reached XP level 7. HP: 51/51 MP: 7/7
  4606 | D:3      | Reached skill level 3 in Fighting
  4794 | D:4      | Killed Robin
  5374 | D:5      | Entered Level 5 of the Dungeon
  5423 | D:5      | Reached skill level 7 in Ranged Weapons
  5590 | D:5      | Reached skill level 3 in Dodging
  5870 | D:5      | Found a staircase to the Ecumenical Temple.
  5879 | Temple   | Entered the Ecumenical Temple
  6068 | Temple   | Became a worshipper of Hepliaklqana the Forgotten
  6205 | D:5      | Reached XP level 8. HP: 52/60 MP: 8/8
  6299 | D:5      | Reached skill level 4 in Fighting
  7122 | D:5      | HP: 12/60 [sky beast (6)]
  7127 | D:5      | HP: 10/60 [something (3)]
  7313 | D:6      | HP: 10/60 [orc warrior/+0 hand axe (6)]
  7315 | D:6      | HP: 1/60 [orc warrior/+0 hand axe (10)]
  7315 | D:6      | Mangled by an orc warrior

Vanquished Creatures
  Eustachio (D:4)
  An orc warrior (D:3)
  A centaur (D:5)
  2 bullfrogs (Sewer)
  4 scorpions (D:5)
  A howler monkey (D:5)
  A hound (D:4)
  An orc priest (D:3)
  A jelly (D:4)
  2 sleepcaps
  2 iguanas (D:5)
  An orc wizard (D:3)
  Robin (D:4)
  12 adders
  A white imp (D:6)
  2 worms
  A dart slug (D:1)
  15 orcs
  12 endoplasms
  9 giant cockroaches
  10 goblins
  7 hobgoblins
  11 jackals
  11 quokkas
  15 ball pythons
  2 bats
  9 frilled lizards
  8 kobolds
  7 rats
151 creatures vanquished.

Table legend:
 A = Non-vault XP
 B = Vault XP
 C = Vault XP percentage of total XP
 D = Non-vault monster count
 E = Vault monster count
 F = Vault count percentage of total count
                 A         B        C        D         E       F
            +---------+---------+-------+---------+---------+-------
      Total |    1231 |     477 |  27.9 |      99 |      52 |  34.4
            +---------+---------+-------+---------+---------+-------
        D:1 |      39 |       0 |   0.0 |      23 |       0 |   0.0
        D:2 |      43 |       0 |   0.0 |      16 |       0 |   0.0
        D:3 |     259 |       2 |   0.8 |      21 |       1 |   4.5
        D:4 |     188 |     244 |  56.5 |      22 |      19 |  46.3
        D:5 |     679 |       0 |   0.0 |      15 |       0 |   0.0
        D:6 |      23 |       0 |   0.0 |       2 |       0 |   0.0
      Sewer |       0 |     231 | 100.0 |       0 |      32 | 100.0
            +---------+---------+-------+---------+---------+-------

Illustrated notes

Table legend:
 A = Kills in this place as a percentage of kills in the entire game.
 B = Kills by you in this place as a percentage of kills by you in the entire game.
 C = Kills by friends in this place as a percentage of kills by friends in the entire game.
 D = Other kills in this place as a percentage of other kills in the entire game.
 E = Experience gained in this place as a percentage of experience gained in the entire game.
 F = Experience gained in this place divided by the number of levels of this place that you have seen.
                   A       B       C       D       E      F
               +-------+-------+-------+-------+-------+----------------------
         Total | 100.0 | 100.0 |   N/A |   N/A | 100.0 | 213.5
       Dungeon |  78.8 |  78.8 |   N/A |   N/A |  86.5 | 246.2
         Sewer |  21.2 |  21.2 |   N/A |   N/A |  13.5 | 231.0
               +-------+-------+-------+-------+-------+----------------------

Table legend: (Time is in decaauts)
 A = Elapsed time spent in this place.
 B = Non-inter-level travel time spent in this place.
 C = Inter-level travel time spent in this place.
 D = Time resting spent in this place.
 E = Time spent auto-exploring this place.
 F = Levels seen in this place.
 G = Mean time per level.
                   A        B        C        D        E       F      G
               +--------+--------+--------+--------+--------+-----+--------+
         Total |   7563 |   7162 |    401 |   1774 |   3494 |   8 |  945.4 |
       Dungeon |   5930 |   5546 |    384 |    763 |   3360 |   6 |  988.3 |
        Temple |    207 |    190 |     17 |      0 |    134 |   1 |  207.0 |
         Sewer |   1424 |   1424 |      0 |   1011 |      0 |   1 | 1424.0 |
               +--------+--------+--------+--------+--------+-----+--------+

Top non-repeatable levels by time:
   Sewer: 1424 daAuts
     D:4: 1341 daAuts
     D:5: 1316 daAuts
     D:3: 1253 daAuts
     D:2: 824 daAuts
     D:1: 779 daAuts
     D:6: 414 daAuts
  Temple: 207 daAuts
